Map: Taito Citadel LE

Players

Gordon - Winner!

  • Race: Zerg Zerg
  • League: Diamond
  • Spawn Location: 11:00

HoldTheDoor

  • Race: Protoss Protoss
  • League: Diamond
  • Spawn Location: 5:00

VOD

Have the link to the VOD?

Description

Time

  • Played on: May 17, 2026, 12:43 p.m.
  • Length: 2:25
Show
View Real Time Build Order
Export as new Build Order

Gordon Zerg - Winner!

Build Orders: Pool First 

Get SALT Encoding   

  12  0:00  Drone  
  13  0:08  Drone  
  14  0:17  Extractor  
  14  0:18  Drone  
  15  0:31  Spawning Pool  
  14  0:38  Overlord  
  14  1:03  Hatchery  
  13  1:18  Zergling x6  
  16  1:29  Zergling x2  
  16  1:31  Queen  
  19  1:46  Zergling x2  
  20  2:03  Extractor  
  20  2:06  Extractor  
  17  2:22  Spine Crawler x2  
Show
View Real Time Build Order
Export as new Build Order

HoldTheDoor Protoss 

Build Orders:  

Get SALT Encoding   

  12  0:00  Probe  
  13  0:12  Probe  
  14  0:19  Pylon  
  14  0:24  Probe  
  15  0:33  Probe  
  15  0:40  Gateway  
  15  0:41  Probe  
  17  0:51  Assimilator  
  17  1:04  Forge  
  17  1:09  Probe  
  18  1:21  Probe  
  19  1:30  Pylon  
  19  1:33  Probe  
  19  1:34  Zealot  
  22  1:41  Photon Cannon  
  22  1:52  Cybernetics Core  
  22  2:06  Pylon  
Tags
 
Matchup
PvZ
Opening
Pool First
Replay Pack
SC2Mai2026
Spawn Locations
Cross Positions
Add a new tag
Caveats
  • Supply blocks, unpowered buildings, or Contaminate may cause inaccurate times.
  • Supply counts are checked every 10 seconds.